Cogmind - Beta 15 @@@ ROGUE MODE // 2025.06.07 @ 05:21:21 Player: laeb2 Result: Destroyed by G-50 Soldier with Heavy Laser Performance ------------- Evolutions (3) 1500 Regions Visited (11) 2200 Robots Destroyed (121) 605 Value Destroyed (3663) 3663 Prototype IDs (27) 540 Alien Tech Used (0) 0 Bonus (600) 600 TOTAL SCORE: 9108 Bonus ------- Aligned with FarCom 300 Met Data Miner 300 Cogmind --------- Core Integrity 0/700 Matter 221/300 Energy 325/325 System Corruption 0% Temperature Cool (37) Movement Walking (190) Ox1 Location -6/Proximity Caves Parts ------- > --- POWER (1) -------- Antimatter Reactor > --- PROPULSION (3) --- Enhanced Flexi-carbon Leg Enhanced Flexi-carbon Leg Enhanced Flexi-carbon Leg > --- UTILITY (5) ------ Advanced Heat Sink Huge Storage Unit Hacking Suite Hacking Suite > --- WEAPON (4) ------- Neutron Cannon > --- INVENTORY (25) --- Cooled Ion Engine Cooled Ion Engine Enhanced Nuclear Core Neutrino Core Antimatter Reactor Advanced Heat Sink Target Analyzer Improved Light Armor Plating Makeshift System Shield Heavy Particle Gun Heavy Assault Rifle Enhanced Autogun Enhanced Autogun Gauss Rifle XL Autogun Subcomponent XL Autogun Subcomponent Improved Light Cannon Slug Cannon Mini Grenade Launcher Mini Grenade Launcher Missile Launcher Improved Datajack Remote Datajack Peak State ------------ > --- POWER ------------ Heavy Deuterium Engine > --- PROPULSION ------- Medium Treads Compact Wheel Compact Wheel > --- UTILITY ---------- Huge Storage Unit Hardened Light Armor Plating Improved Light Armor Plating Hacking Suite Hacking Suite > --- WEAPON ----------- XL Autogun Array > --- INVENTORY -------- Cooled Ion Engine Cooled Ion Engine Cooled Ion Engine Enhanced Nuclear Core Neutrino Core Improved Heat Sink Target Analyzer Makeshift System Shield Particle Gun Heavy Particle Gun Heavy Assault Rifle Enhanced Autogun Enhanced Autogun Gauss Rifle Improved Light Cannon Slug Cannon Mini Grenade Launcher Mini Grenade Launcher Mini Grenade Launcher Mini Grenade Launcher Mini Grenade Launcher Missile Launcher Improved Datajack Remote Datajack Mace [Rating: 66] Favorites ----------- Power Cooled Ion Engine Engine Cooled Ion Engine Power Core Micro Nuclear Core Reactor Antimatter Reactor Propulsion Improved Treads Treads Improved Treads Leg Enhanced Flexi-carbon Leg Wheel Compact Wheel Utility Hacking Suite Device Cooling System Storage Huge Storage Unit Processor Signal Interpreter Hackware Hacking Suite Protection Hardened Light Armor Plating Weapon Improved EM Shotgun Energy Gun Improved EM Shotgun Energy Cannon Advanced Beam Cannon Ballistic Gun XL Autogun Array Ballistic Cannon Slug Cannon Launcher Mini Grenade Launcher Impact Weapon Mace Special Melee Weapon Improved Datajack Build | -11 -10 -9 -9 -9 -8 -8 -7 -7 -7 -7 -6 ------- Run | Yrd Mat Mat Min Exi Min Mat Fac Low Low Dat Pro Slots Evolved 6 | . . 2 . . . 2 2 . . . . Power . | . . . . . . . . . . . . Propulsion 1 | . . 1 . . . . . . . . . Utility 3 | . . 1 . . . . 2 . . . . Weapon 2 | . . . . . . 2 . . . . . Parts Attached 72 | 7 6 13 2 10 8 6 3 4 1 12 . Power 8 | 1 . 2 . . 2 . 1 1 . 1 . Engine 5 | 1 . 2 . . 1 . . 1 . . . Core 2 | . . . . . 1 . 1 . . . . Reactor 1 | . . . . . . . . . . 1 . Propulsion 18 | 2 2 1 . 4 2 3 . . 1 3 . Treads 10 | 2 2 1 . 4 . . . . 1 . . Leg 3 | . . . . . . . . . . 3 . Wheel 5 | . . . . . 2 3 . . . . . Hover . | . . . . . . . . . . . . Flight . | . . . . . . . . . . . . Utility 21 | 3 2 5 . 3 1 1 2 2 . 2 . Device 7 | 2 . 1 . 2 . . . . . 2 . Storage 4 | 1 1 2 . . . . . . . . . Processor 1 | . . . . . . . 1 . . . . Hackware 2 | . . 1 . . . . 1 . . . . Protection 7 | . 1 1 . 1 1 1 . 2 . . . Artifact . | . . . . . . . . . . . . Weapon 25 | 1 2 5 2 3 3 2 . 1 . 6 . Energy Gun 8 | . 2 3 . 1 1 . . 1 . . . Energy Cannon 2 | . . 1 . . . . . . . 1 . Ballistic Gun 7 | 1 . . . 2 1 1 . . . 2 . Ballistic Cannon 1 | . . . . . . . . . . 1 . Launcher 5 | . . 1 2 . 1 . . . . 1 . Special Weapon . | . . . . . . . . . . . . Impact Weapon 1 | . . . . . . . . . . 1 . Slashing Weapon . | . . . . . . . . . . . . Piercing Weapon . | . . . . . . . . . . . . Special Melee Weapon 1 | . . . . . . 1 . . . . . Unidentified Prototypes 12 | . . 4 . 2 . 1 1 1 . 3 . Parts Lost 30 | . . 1 . 6 9 2 . 1 . 9 2 Power 3 | . . . . . 2 . . . . 1 . Propulsion 11 | . . . . 3 3 1 . 1 . 3 . Utility 6 | . . 1 . 1 1 1 . . . 2 . Weapon 10 | . . . . 2 3 . . . . 3 2 Highest Loss Streak 9 | . . 1 . 2 2 2 . 1 . 9 2 To Critical Strikes . | . . . . . . . . . . . . Average Backups 19 | 4 9 15 22 22 20 23 24 24 24 17 23 Power 3 | . 1 2 4 4 3 4 4 5 5 3 5 Propulsion 1 | 2 2 2 4 2 . . . . . . . Utility 3 | . 2 2 5 5 4 4 3 2 2 2 4 Weapon 9 | 1 3 8 9 9 11 12 15 14 15 9 12 Tool/Special . | . . . . . . . . . . . . Unused Backups 28 | . 6 5 . . . 2 . 1 . 1 13 Power 7 | . . 2 . . . . . 1 . 1 3 Propulsion 3 | . 3 . . . . . . . . . . Utility 5 | . 1 . . . . 2 . . . . 2 Weapon 12 | . 2 2 . . . . . . . . 8 Tool/Special 1 | . . 1 . . . . . . . . . Average Slot Usage (%) 89 | . 99 97 100 99 95 68 71 71 72 69 84 Engine 8 | . 14 11 11 11 5 9 1 3 7 2 . Core 1 | . . . . . 4 . 5 4 . . . Treads 21 | . 28 33 33 32 25 . . . 3 2 . Wheel 5 | . . . . . 3 18 23 19 15 6 . Device 1 | . 1 2 11 2 . . . . . 3 7 Storage 10 | . 14 13 11 11 11 9 7 7 7 5 7 Hackware 9 | . . 6 11 11 11 9 14 15 15 15 15 Protection 9 | . 12 8 . 8 11 8 7 9 15 5 . Energy Gun 12 | . 26 17 21 19 10 . . . . . . Ballistic Gun 4 | . . . . 1 7 11 7 6 7 3 . Launcher 1 | . . . . 1 3 . . . . 4 7 Peak Build Rating 66 | 8 10 25 25 32 30 54 61 62 66 66 59 Average Rating 31 | 4 8 19 24 27 27 45 59 59 64 48 57 On Entrance 35 | . 8 10 25 25 27 24 54 61 62 66 59 Naked Turns . | . . . . . . . . . . . . Heaviest Build 114 | 11 20 99 96 99 102 110 110 114 114 114 . Greatest Support 84 | 40 46 69 69 69 69 42 42 42 32 84 . Greatest Overweight (x) 10 | . . 1 1 1 10 10 2 3 3 3 . Average Overweight (x) 1 | . . . 1 1 1 4 2 2 3 1 . Largest Inventory Capacity 25 | 8 10 25 25 25 25 25 25 25 25 25 25 Average Capacity 21 | 6 9 17 25 25 25 25 25 25 25 19 25 Most Carried 25 | 6 10 21 23 25 25 25 25 25 25 25 23 Average Carried 20 | 4 9 15 22 24 23 24 24 24 24 17 23 Final Capacity 25 | 8 10 25 25 25 25 25 25 25 25 25 25 Final Carried 25 | 6 9 21 23 25 25 25 25 24 25 23 23 Class Distribution -------------------- 69% | Mutant 8% | Scavenger-Tank 7% | Hacker-Tank 6% | Scavenger-Skirmisher 4% | Scavenger-Mutant Dominant Class ---------------- Mutant | -10/Materials Mutant | -9/Materials Mutant | -9/Mines Mutant | -9/Exiles Mutant | -8/Mines Scavenger-Skirmisher | -8/Materials Scavenger-Skirmisher | -7/Factory Hacker-Tank | -7/Lower Caves Hacker-Tank | -7/Lower Caves Scavenger-Mutant | -7/Data Miner Scavenger-Mutant | -6/Proximity Caves Resources | -11 -10 -9 -9 -9 -8 -8 -7 -7 -7 -7 -6 ----------- Run | Yrd Mat Mat Min Exi Min Mat Fac Low Low Dat Pro Matter Collected 2589 | 333 60 115 110 230 495 364 . 352 224 306 . Remotely 68 | 68 . . . . . . . . . . . Salvage Created 4823 | 202 577 1176 226 379 722 726 20 204 256 335 . Parts 249 | 16 29 59 18 21 27 51 3 3 14 8 . Haulers Intercepted 10 | . 2 4 . . . 4 . . . . . Recyclers Shooed . | . . . . . . . . . . . . Parts Field Recycled . | . . . . . . . . . . . . Retrieved Matter . | . . . . . . . . . . . . Parts Self-Destructed 18 | . . . . . . . . 2 16 . . Prevented 4 | . . . . . . . . . 4 . . Kills | -11 -10 -9 -9 -9 -8 -8 -7 -7 -7 -7 -6 ------- Run | Yrd Mat Mat Min Exi Min Mat Fac Low Low Dat Pro Combat Hostiles Destroyed 82 | . 12 14 6 10 15 12 . 3 6 4 . Melee 1 | . . . . . . . . . . 1 . Guns 55 | . 11 7 2 4 8 12 . 3 6 2 . Cannons 4 | . . 4 . . . . . . . . . AOE 19 | . 1 2 3 5 7 . . . . 1 . Classes Destroyed 16 | 3 5 4 . 2 . 1 . 1 . . . Worker 3 | 2 . 1 . . . . . . . . . Builder 8 | . 1 2 2 . 2 1 . . . . . Tunneler 5 | 3 . 1 . . 1 . . . . . . Hauler 10 | . 2 4 . . . 4 . . . . . Recycler 6 | 1 . 1 . . 2 2 . . . . . Operator 2 | . . 1 . . . . 1 . . . . Watcher 5 | . 2 3 . . . . . . . . . Swarmer 16 | . 6 . . . 4 4 . . 2 . . Cutter 3 | . . . . . . 3 . . . . . Grunt 40 | . 6 7 5 1 11 4 . 3 3 . . Brawler 1 | . . 1 . . . . . . . . . Duelist 3 | . . 2 1 . . . . . . . . Sentry 5 | . . 4 . . . 1 . . . . . Hunter 4 | . . . . 4 . . . . . . . Programmer 6 | . . . . 5 . . . . 1 . . Enhanced Grunt 4 | . . . . . . . . . . 4 . Samaritan 1 | . . . . . . . . 1 . . . Best Kill Streak 14 | 5 3 5 5 3 3 14 1 3 3 2 . Combat Bots Only 7 | . 3 4 3 3 3 7 . 3 3 2 . Max Kills in Single Turn 4 | 1 2 3 4 2 2 2 1 1 1 1 . Gunslinging 1 | . 1 . . . . . . . . . . Exploded 2 | . 1 2 2 2 2 . . . . 1 . Melee 1 | . . . . . . . . . . 1 . Uniques/NPCs Destroyed . | . . . . . . . . . . . . Combat | -11 -10 -9 -9 -9 -8 -8 -7 -7 -7 -7 -6 -------- Run | Yrd Mat Mat Min Exi Min Mat Fac Low Low Dat Pro Hostile Shots Fired 395 | . 49 63 18 92 69 17 . 15 4 56 12 Missed 126 | . 19 17 8 29 24 3 . 5 2 17 2 Hits 269 | . 30 46 10 63 45 14 . 10 2 39 10 Melee 7 | . . 5 . . . 1 . . . . 1 Projectile 262 | . 30 41 10 63 45 13 . 10 2 39 9 AOE 3 | . . . . . . 3 . . . . . Critical Strikes 8 | . . 2 . 5 . 1 . . . . . Damage Taken 5416 | . 280 737 141 926 775 316 . 162 34 1804 241 Core 1032 | . 93 73 . 86 59 8 . 46 . 590 77 Absorbed by Shields . | . . . . . . . . . . . . Regen/Repaired (Parts) 71 | . 8 63 . . . . . . . . . Core Remaining (%) 76 | 100 62 . . . 45 98 . . . . . Volleys Fired 322 | 21 42 57 9 31 55 33 1 17 11 43 2 Largest 2 | 1 2 2 2 2 2 1 1 1 1 2 2 Hottest 120 | 20 80 108 90 95 100 60 60 65 60 65 120 Shots Fired 494 | 21 84 113 17 55 92 33 1 17 11 46 4 Gun 437 | 21 84 89 13 46 80 33 1 17 11 42 . Cannon 28 | . . 23 . . . . . . . 3 2 Launcher 29 | . . 1 4 9 12 . . . . 1 2 Special . | . . . . . . . . . . . . Kinetic 165 | 21 . . . 19 41 33 1 8 11 31 . Thermal 48 | . . 23 . . . . . 9 . 14 2 Explosive 29 | . . 1 4 9 12 . . . . 1 2 Electromagnetic 252 | . 84 89 13 27 39 . . . . . . Robot Hit Streak 14 | 6 14 13 9 9 13 7 1 6 9 9 3 Robot Miss Streak 10 | 3 4 3 2 3 2 9 1 3 3 10 2 Penetration Max 1 | . . . . . 1 . . . . . . Secondary Targets 4 | . 1 2 1 . . . . . . . . Max Gunslinging Chain 1 | . 1 1 1 . . . . . . . . Shots Hit Robots 372 | 16 49 94 14 40 66 28 1 16 11 34 3 Core Hits 225 | 7 24 45 17 23 37 23 1 8 11 23 6 Critical Kills . | . . . . . . . . . . . . Critical Parts Destroyed . | . . . . . . . . . . . . Critical Strikes 2 | . . 1 . . . . . . . 1 . Burn 1 | . . . . . . . . . . 1 . Corrupt 1 | . . 1 . . . . . . . . . Melee Attacks 7 | . . . . . . . . . . 7 . Impact 7 | . . . . . . . . . . 7 . Slashing . | . . . . . . . . . . . . Piercing . | . . . . . . . . . . . . Sneak Attacks . | . . . . . . . . . . . . Combat Hostiles . | . . . . . . . . . . . . Follow-up Attacks . | . . . . . . . . . . . . Damage Inflicted 10323 | 192 769 1866 609 1053 1783 1203 47 578 632 1273 318 Guns 7319 | 192 697 1198 244 532 1030 1203 47 578 632 966 . Cannons 465 | . . 386 . . . . . . . 43 36 Explosions 2306 | . 72 282 365 521 686 . . . . 98 282 Melee 166 | . . . . . . . . . . 166 . Ramming 67 | . . . . . 67 . . . . . . Kinetic 4174 | 192 . . . 239 481 1203 47 459 632 921 . Thermal 1052 | . 72 588 97 52 . . . 119 . 88 36 Explosive 1803 | . . . 268 469 686 . . . . 98 282 Electromagnetic 3061 | . 697 1278 244 293 549 . . . . . . Impact 166 | . . . . . . . . . . 166 . Slashing . | . . . . . . . . . . . . Piercing . | . . . . . . . . . . . . Highest Corruption 3 | . . . . 2 3 . . . . . . Average Corruption 1 | . . . . 1 2 . . . . . . Corruption Purged . | . . . . . . . . . . . . Corruption Blocked . | . . . . . . . . . . . . Effects 26 | . . . . 5 21 . . . . . . Message Errors 2 | . . . . . 2 . . . . . . Matter Fused 12 | . . . . 4 8 . . . . . . Heat Flow Errors 5 | . . . . 1 4 . . . . . . Energy Discharges 2 | . . . . . 2 . . . . . . Data Loss (minor) 3 | . . . . . 3 . . . . . . Data Loss (major) 2 | . . . . . 2 . . . . . . Overload Shots . | . . . . . . . . . . . . Overflow Damage 40 | . . . . . 30 . . . . . 10 Projectiles . | . . . . . . . . . . . . Explosions 20 | . . . . . 10 . . . . . 10 Melee 20 | . . . . . 20 . . . . . . Knockbacks 2 | . . . . . 1 . . . . 1 . Impact 1 | . . . . . 1 . . . . . . Kinetic 1 | . . . . . . . . . . 1 . Secondary . | . . . . . . . . . . . . Self-Inflicted Damage 217 | . . 58 16 31 68 . . . . . 44 Shots 7 | . . 3 1 1 1 . . . . . 1 Rammed 2 | . . . . . 2 . . . . . . Targets Rammed 3 | . . . . . 3 . . . . . . Kicked . | . . . . . . . . . . . . Crushed 1 | . . . . . 1 . . . . . . Highest Temperature 444 | . 258 362 . 213 444 224 32 386 189 400 28 Average Temperature 116 | . 75 114 . 57 165 76 18 214 83 193 21 Received Heat Transfer 1017 | . 57 288 72 6 342 72 . 90 9 . 81 Effects 10 | . . 4 . . 5 . . 1 . . . Shutdowns 4 | . . 1 . . 2 . . 1 . . . Energy Bleed 2 | . . 1 . . 1 . . . . . . Interference 4 | . . 2 . . 2 . . . . . . Siege Activations . | . . . . . . . . . . . . Martial Activations . | . . . . . . . . . . . . Shielding Activations . | . . . . . . . . . . . . Robots Disrupted 1 | . . . . . 1 . . . . . . Combat Hostiles 1 | . . . . . 1 . . . . . . Robots Corrupted 4 | . . 1 1 1 1 . . . . . . Combat Hostiles 3 | . . 1 1 1 . . . . . . . Parts Fried 24 | . 6 9 1 3 5 . . . . . . Impact Corruptions 1 | . . . . . 1 . . . . . . Robots Melted . | . . . . . . . . . . . . Combat Hostiles . | . . . . . . . . . . . . Parts Melted . | . . . . . . . . . . . . Heat Transferred 1969 | . 50 1116 50 50 . . . 296 . 407 . Parts Sabotaged . | . . . . . . . . . . . . Parts Stolen . | . . . . . . . . . . . . Parts Stripped . | . . . . . . . . . . . . Power Chain Reactions 12 | . 2 6 2 1 1 . . . . . . Alert | -11 -10 -9 -9 -9 -8 -8 -7 -7 -7 -7 -6 ------- Run | Yrd Mat Mat Min Exi Min Mat Fac Low Low Dat Pro Maximum Alert Level 1 | . . 1 1 . . 1 . . . . . Low Security (%) 94 | 100 100 89 91 . 100 82 100 . . . . Level 1 5 | . . 10 8 . . 17 . . . . . Level 2 . | . . . . . . . . . . . . Level 3 . | . . . . . . . . . . . . Level 4 . | . . . . . . . . . . . . Level 5 . | . . . . . . . . . . . . High Security . | . . . . . . . . . . . . Max Security . | . . . . . . . . . . . . Peak Influence 325 | 15 100 217 219 . 156 325 141 . . . . Initial 136 | . . 30 81 . . 57 136 . . . . Average 68 | 3 42 80 132 . 57 69 108 . . . . Influence Increases 2635 | 30 405 615 178 200 551 431 5 70 150 . . Destroy 0b10 Robot/C 1560 | . 240 280 120 200 300 240 . 60 120 . . Destroy 0b10 Robot/NC 195 | 30 25 65 10 . 25 35 5 . . . . Destroy Leader 320 | . 58 114 20 . 50 38 . 10 30 . . Successful Hack 73 | . 30 25 . . . 18 . . . . . Disable Machine 135 | . 30 45 . . 30 30 . . . . . Destroy Structure 157 | . 7 26 13 . 71 40 . . . . . Partial Spotted 15 | . . 15 . . . . . . . . . Lose Combat Pursuer 180 | . 15 45 15 . 75 30 . . . . . Influence Decreases 2635 | 30 332 480 333 185 471 278 235 141 114 36 . Entered New Map 610 | . . 43 127 53 68 91 165 27 . 36 . Time Decay 1875 | 30 332 427 206 94 313 185 70 104 114 . . Lost Part 150 | . . 10 . 38 90 2 . 10 . . . Squads Dispatched 10 | . 3 4 . . 1 2 . . . . . Investigation 6 | . 3 2 . . . 1 . . . . . Extermination . | . . . . . . . . . . . . Reinforcement 4 | . . 2 . . 1 1 . . . . . Assault . | . . . . . . . . . . . . Garrison . | . . . . . . . . . . . . Intercept . | . . . . . . . . . . . . Searches Triggered . | . . . . . . . . . . . . Construction Impeded 1 | . . . . . 1 . . . . . . Haulers Reinforced . | . . . . . . . . . . . . Active Scanning Responses . | . . . . . . . . . . . . Cargo Convoy Interrupts . | . . . . . . . . . . . . Stealth | -11 -10 -9 -9 -9 -8 -8 -7 -7 -7 -7 -6 --------- Run | Yrd Mat Mat Min Exi Min Mat Fac Low Low Dat Pro Distress Signals 7 | . . 2 . . 1 4 . . . . . Communications Jammed . | . . . . . . . . . . . . Distress Signals . | . . . . . . . . . . . . Times Spotted 108 | . 17 24 7 10 21 14 . 3 4 4 4 Peak Tracking Total 4 | . 4 4 3 3 4 4 . 3 3 3 4 Tactical Retreats 9 | . 1 3 1 . 3 1 . . . . . Traps | -11 -10 -9 -9 -9 -8 -8 -7 -7 -7 -7 -6 ------- Run | Yrd Mat Mat Min Exi Min Mat Fac Low Low Dat Pro Traps Triggered 1 | . . 1 . . . . . . . . . Indirectly . | . . . . . . . . . . . . Trap Hack Attempts . | . . . . . . . . . . . . Triggered . | . . . . . . . . . . . . Disarmed . | . . . . . . . . . . . . Reprogrammed . | . . . . . . . . . . . . Reused . | . . . . . . . . . . . . Traps Extracted . | . . . . . . . . . . . . Installed . | . . . . . . . . . . . . Triggered . | . . . . . . . . . . . . Machines | -11 -10 -9 -9 -9 -8 -8 -7 -7 -7 -7 -6 ---------- Run | Yrd Mat Mat Min Exi Min Mat Fac Low Low Dat Pro Machines Disabled 12 | . 2 3 . 2 2 2 . . . 1 . Max in Single Turn 1 | . 1 1 . 1 1 1 . . . 1 . Machines Repaired . | . . . . . . . . . . . . Machines Dismantled . | . . . . . . . . . . . . Machines Sabotaged . | . . . . . . . . . . . . Overloaded Fab Kills . | . . . . . . . . . . . . Hacking | -11 -10 -9 -9 -9 -8 -8 -7 -7 -7 -7 -6 --------- Run | Yrd Mat Mat Min Exi Min Mat Fac Low Low Dat Pro Machines Accessed 25 | . 6 9 . 1 1 3 1 . . 4 . Terminals 17 | . 5 8 . . 1 3 . . . . . Fabricators . | . . . . . . . . . . . . Repair Stations 2 | . 1 1 . . . . . . . . . Recycling Units 1 | . . . . . . . 1 . . . . Scanalyzers . | . . . . . . . . . . . . Garrison Access . | . . . . . . . . . . . . Total Hacks 96 | . 19 26 . 7 4 7 2 . . 31 . Successful 73 | . 12 16 . 7 2 4 1 . . 31 . Failed 21 | . 6 9 . . 2 3 1 . . . . Catastrophic 2 | . . 2 . . . . . . . . . Database Lockouts 2 | . 1 1 . . . . . . . . . Manual 29 | . 7 16 . 1 4 1 . . . . . Terminals 54 | . 18 25 . . 4 7 . . . . . Fabricators . | . . . . . . . . . . . . Repair Stations 2 | . 1 1 . . . . . . . . . Recycling Units 2 | . . . . . . . 2 . . . . Scanalyzers . | . . . . . . . . . . . . Garrison Access . | . . . . . . . . . . . . Terminal Hacks 59 | . 8 9 . 7 . 4 . . . 31 . Record 20 | . 2 . . 7 . . . . . 11 . Part Schematic 11 | . . . . . . . . . . 11 . Robot Schematic 6 | . . . . . . . . . . 6 . Robot Analysis 6 | . 3 1 . . . 2 . . . . . Prototype ID Bank 7 | . . 3 . . . 1 . . . 3 . Branch Access Points 1 | . . 1 . . . . . . . . . Emergency Access Points 1 | . . 1 . . . . . . . . . Alert Level 1 | . 1 . . . . . . . . . . Locate Traps 1 | . . 1 . . . . . . . . . Hauler Manifests 3 | . 1 1 . . . 1 . . . . . Registered Components 1 | . . 1 . . . . . . . . . Zone Layout 1 | . 1 . . . . . . . . . . Fabricator Hacks . | . . . . . . . . . . . . Repair Station Hacks . | . . . . . . . . . . . . Recycling Unit Hacks 1 | . . . . . . . 1 . . . . Retrieve Matter 1 | . . . . . . . 1 . . . . Scanalyzer . | . . . . . . . . . . . . Garrison Access Hacks . | . . . . . . . . . . . . Unauthorized Hacks 12 | . 4 7 . . 1 . . . . . . Terminals 10 | . 3 6 . . 1 . . . . . . Botnet 10 | . 3 6 . . 1 . . . . . . Fabricators . | . . . . . . . . . . . . Repair Stations 2 | . 1 1 . . . . . . . . . Patch 2 | . 1 1 . . . . . . . . . Recycling Units . | . . . . . . . . . . . . Scanalyzers . | . . . . . . . . . . . . Garrison Access . | . . . . . . . . . . . . Data Cores Recovered 2 | . . 1 . . . . 1 . . . . Used . | . . . . . . . . . . . . Hacking Detections 15 | . 4 8 . . 1 1 1 . . . . Full Trace Events 2 | . 1 . . . . 1 . . . . . Feedback Events . | . . . . . . . . . . . . Feedback Blocked . | . . . . . . . . . . . . Robot Schematics Acquired 6 | . . . . . . . . . . 6 . Robots Built . | . . . . . . . . . . . . Authchips . | . . . . . . . . . . . . Time . | . . . . . . . . . . . . Total Robot Build Rating . | . . . . . . . . . . . . Part Schematics Acquired 11 | . . . . . . . . . . 11 . Parts Built . | . . . . . . . . . . . . Authchips . | . . . . . . . . . . . . Time . | . . . . . . . . . . . . Total Part Build Rating . | . . . . . . . . . . . . Parts Repaired . | . . . . . . . . . . . . Time . | . . . . . . . . . . . . Parts Recycled . | . . . . . . . . . . . . Recycled Matter . | . . . . . . . . . . . . Retrieved Matter . | . . . . . . . . . . . . Retrieved Components . | . . . . . . . . . . . . Parts Scanalyzed . | . . . . . . . . . . . . Part Schematics Acquired . | . . . . . . . . . . . . Parts Damaged . | . . . . . . . . . . . . Bothacking | -11 -10 -9 -9 -9 -8 -8 -7 -7 -7 -7 -6 ------------ Run | Yrd Mat Mat Min Exi Min Mat Fac Low Low Dat Pro Used RIF Installer . | . . . . . . . . . . . . Robots Hacked . | . . . . . . . . . . . . Non-combat . | . . . . . . . . . . . . Combat . | . . . . . . . . . . . . Robot Hacks Applied . | . . . . . . . . . . . . Relay Couplers Released . | . . . . . . . . . . . . Fabnet Peak Effective % . | . . . . . . . . . . . . Robots Rewired . | . . . . . . . . . . . . Allies Hacked . | . . . . . . . . . . . . Hacks Repelled . | . . . . . . . . . . . . Allies | -11 -10 -9 -9 -9 -8 -8 -7 -7 -7 -7 -6 -------- Run | Yrd Mat Mat Min Exi Min Mat Fac Low Low Dat Pro Total Allies . | . . . . . . . . . . . . Largest Group . | . . . . . . . . . . . . Highest-Rated Group . | . . . . . . . . . . . . Highest-Rated Ally . | . . . . . . . . . . . . Total Orders . | . . . . . . . . . . . . Ally Attacks . | . . . . . . . . . . . . Total Damage . | . . . . . . . . . . . . Kills . | . . . . . . . . . . . . Allies Corrupted . | . . . . . . . . . . . . Allies Melted . | . . . . . . . . . . . . Intel | -11 -10 -9 -9 -9 -8 -8 -7 -7 -7 -7 -6 ------- Run | Yrd Mat Mat Min Exi Min Mat Fac Low Low Dat Pro Active Infowar (turns) 112 | 19 93 . . . . . . . . . . Terrain 112 | 19 93 . . . . . . . . . . Robot Analysis Total 6 | . 3 1 . . . 2 . . . . . Derelict Logs Recovered 4 | . . . 1 . . . . 2 1 . . Drone Launches . | . . . . . . . . . . . . Drone Recoveries . | . . . . . . . . . . . . Exploration | -11 -10 -9 -9 -9 -8 -8 -7 -7 -7 -7 -6 ------------- Run | Yrd Mat Mat Min Exi Min Mat Fac Low Low Dat Pro Turns Passed 7638 | 161 823 1128 435 1446 1303 715 148 625 454 394 6 Spaces Moved 2927 | 70 392 388 164 340 453 213 116 384 249 158 . Core 40 | 11 . . . . . . . . . 29 . Treads 1697 | 59 392 388 164 340 354 . . . . . . Legs 61 | . . . . . . . . . . 61 . Wheels 1129 | . . . . . 99 213 116 384 249 68 . Hover . | . . . . . . . . . . . . Flight . | . . . . . . . . . . . . Fastest Speed 50 | 50 160 160 240 240 140 123 123 123 145 50 . Average Speed 180 | 142 160 183 240 240 235 154 123 133 145 136 . Slowest Speed 320 | 160 160 240 240 240 320 230 123 145 145 190 . Overloaded Moves . | . . . . . . . . . . . . Propulsion Burnouts . | . . . . . . . . . . . . Robots Hopped . | . . . . . . . . . . . . Potential Cave-ins . | . . . . . . . . . . . . Cave-ins Triggered . | . . . . . . . . . . . . Exploration Rate (%) 44 | 6 81 55 49 61 84 17 4 60 42 77 3 Regions Visited 11 Branch Regions 7 Pre-discovered Areas 2 | . . . . . . . . 1 . 1 . Known Exits Taken 2 | . . 1 . . . . 1 . . . . Unknown Exits Taken 9 | 1 1 . 1 1 1 1 . 1 1 1 . Scrap Searched 8 | . . . 2 . 3 . . 2 1 . . Spaces Dug 8 | . . . . . 8 . . . . . . Terrain Destroyed 239 | . 6 24 14 40 91 46 . 1 3 4 10 Melee . | . . . . . . . . . . . . Projectile 51 | . . . . . . 46 . 1 3 . 1 AOE 188 | . 6 24 14 40 91 . . . . 4 9 Terrain Rammed . | . . . . . . . . . . . . Walls Destroyed . | . . . . . . . . . . . . Machines Disabled . | . . . . . . . . . . . . Actions | -11 -10 -9 -9 -9 -8 -8 -7 -7 -7 -7 -6 --------- Run | Yrd Mat Mat Min Exi Min Mat Fac Low Low Dat Pro Total 4854 | 109 509 692 187 915 591 600 121 490 341 297 2 Wait 1353 | 1 44 194 9 517 55 333 . 69 80 51 . Move 2916 | 69 391 387 163 339 452 212 115 383 248 157 . Hop . | . . . . . . . . . . . . Pick Up 111 | 11 14 26 2 9 7 10 1 7 1 23 . Fast Attach 17 | 1 . 3 . . 2 2 2 . 1 6 . Attach 40 | 5 1 4 . 9 6 4 1 3 . 7 . Detach . | . . . . . . . . . . . . Swap 34 | 1 5 7 4 6 8 . . 2 . 1 . Drop 51 | . 12 14 . 4 3 6 1 9 . 2 . Fire 322 | 21 42 57 9 31 55 33 1 17 11 43 2 Melee 7 | . . . . . . . . . . 7 . Ram 1 | . . . . . 1 . . . . . . Kick . | . . . . . . . . . . . . Crush 2 | . . . . . 2 . . . . . . Escape Stasis . | . . . . . . . . . . . . Rewire . | . . . . . . . . . . . . Trap . | . . . . . . . . . . . . Miscellaneous . | . . . . . . . . . . . . Route ------- -11/Scrapyard -10/Materials (discovered 3 exits: *Mat x3) -9/Materials (discovered 2 exits: *Min x2) -9/Mines (discovered 2 exits: *Mat / *Exi) -9/Exiles -8/Mines -8/Materials -7/Factory (discovered 2 exits: *Fac / *Low) -7/Lower Caves -7/Lower Caves -7/Data Miner -6/Proximity Caves History --------- Turn | Location | Event 8 | -11/Scrapyard | Discovered new exit (range 15) 162 | -11/Scrapyard | Entered Materials 314 | -10/Materials | Build established: Mutant 442 | -10/Materials | Central database locked down 469 | -10/Materials | Discovered new exit (range 15) 632 | -10/Materials | Discovered new exit (range 9) 662 | -10/Materials | Derelicts attacked the area 966 | -10/Materials | Discovered new exit (range 7) 985 | -10/Materials | Entered another Materials area 985 | -9/Materials | Evolved 2 slots: Propulsion x1, Utility x1 1389 | -9/Materials | Identified exit to Mines 1399 | -9/Materials | Central database locked down 2113 | -9/Materials | Entered Mines 2123 | -9/Mines | Discovered new exit (range 15) 2538 | -9/Mines | Deemed a non-threat by the Exiles lab entrance 2538 | -9/Mines | Discovered new exit (range 5) 2548 | -9/Mines | Entered Exiles 2606 | -9/Exiles | Met 8R-AWN 2647 | -9/Exiles | Met EX-HEX 2716 | -9/Exiles | Met EX-BIN 2743 | -9/Exiles | Aligned with FarCom system 2745 | -9/Exiles | Given EX-Vault access code 2800 | -9/Exiles | Opened EX-Vault 2820 | -9/Exiles | Found Prototype Device 2821 | -9/Exiles | Identified Skeleton Box 2827 | -9/Exiles | Found Prototype Device 2828 | -9/Exiles | Identified Trap Reconfigurator 2845 | -9/Exiles | Found Prototype Ballistic Gun 2907 | -9/Exiles | Exiles lab attacked by MAIN.C 3119 | -9/Exiles | Discovered new exit (range 12) 3994 | -9/Exiles | Left Exiles lab with XL Autogun Array 3994 | -9/Exiles | Entered Mines 4464 | -8/Mines | Found a Scrap Suit stashed away for nefarious purposes 5259 | -8/Mines | Core integrity fell below 50% 5279 | -8/Mines | Discovered new exit (range 3) 5297 | -8/Mines | Entered Materials 5297 | -8/Materials | Evolved 2 slots: Weapon x2 5504 | -8/Materials | Identified XL Autogun Array 5869 | -8/Materials | Discovered new exit (range 16) 5921 | -8/Materials | Destroyed 7 combat bots 6012 | -8/Materials | Entered Factory 6012 | -7/Factory | Evolved 2 slots: Utility x2 6013 | -7/Factory | Identified exit to Lower Caves 6084 | -7/Factory | Build established: Scavenger-Skirmisher 6102 | -7/Factory | Discovered new exit (range 4) 6107 | -7/Factory | Identified exit to Factory 6160 | -7/Factory | Entered Lower Caves 6188 | -7/Lower Caves | Encountered a Warlord checkpoint 6458 | -7/Lower Caves | Build established: Scavenger-Tank 6534 | -7/Lower Caves | Learned location of Extension (-4) 6549 | -7/Lower Caves | Learned 8 Factory zone layouts 6758 | -7/Lower Caves | Build established: Hacker-Tank 6773 | -7/Lower Caves | Discovered new exit (range 9) 6785 | -7/Lower Caves | Entered another Lower Caves area 7202 | -7/Lower Caves | Discovered new exit (range 11) 7228 | -7/Lower Caves | Learned 4 Factory zone layouts 7239 | -7/Lower Caves | Entered Data Miner 7239 | -7/Data Miner | Discovered new exit (range 6) 7267 | -7/Data Miner | Met Data Miner 7292 | -7/Data Miner | Learned location of Section 7 (-2) 7292 | -7/Data Miner | Acquired the access code to Warlord's prototype stash 7318 | -7/Data Miner | Build established: Scavenger-Tank 7319 | -7/Data Miner | Received God Mode back door access code from Data Miner 7347 | -7/Data Miner | Data Conduit disabled 7415 | -7/Data Miner | Core integrity fell below 50% 7444 | -7/Data Miner | Core integrity fell below 20% 7450 | -7/Data Miner | Lost 9 parts (1p3n2u3w) 7633 | -7/Data Miner | Entered Proximity Caves 7639 | -6/Proximity Caves | Destroyed by G-50 Soldier with Heavy Laser Last Messages --------------- 07558_ Acquired XL Autogun Subcomponent. 07561_ Acquired Slug Cannon. 07566_ Acquired Imp. Datajack. 07569_ Acquired Target Analyzer. 07572_ Acquired Missile Launcher. 07575_ Acquired Neutrino Core. 07578_ Acquired Imp. Light Armor Plating. 07580_ Acquired Mni. Grenade Launcher. 07583_ Acquired Enh. Nuclear Core. 07586_ Acquired Enh. Autogun. 07602_ Acquired Antimatter Reactor. 07605_ Acquired Adv. Heat Sink. 07606_ Acquired 84 matter. 07616_ Acquired 6 matter. LOCATION=UNKNOWN GOAL=ESCAPE 07637_ Mni. Grenade Launcher destroyed. 07637_ Destroyed Mni. Grenade Launcher. 07637_ Mace destroyed. 07637_ Destroyed Mace. Map ----- +----------------------------------------------------+ | ?????????????????????????????????????????????????? | | ?????????????????????????????????????????????????? | | ?????????????????????????????????????????????????? | | ?????????????????????????????????????????????????? | | ?????????????????????????????????????????????????? | | ?????????????????????????????????????????????????? | | ?????????????????????????????????????????????????? | | ?????????????????????????????????????????????????? | | ?????????????????????????????????????????????????? | | ?????????????????????????????????????????????????? | | ?????????????????????????????????????????????????? | | ?????????????????????????????????????????????????? | | ?????????????????????????????????????????????????? | | ?????????????????????????????????????????????????? | | ?????????????????????????????????????????????????? | | ?????????????????????????????????????????????????? | | ?????????????????????????????????????????????????? | | ?????????????????##########??????????????????????? | | ?????????????#####; # ##?????????????????????? | | ?????????????? ##????????????????????? | | ???????????????? g ##???????????????????? | | ?????????????????# #???????????????????? | | ??????????????????# g #???????????????????? | | ??????????????????# #???????????????????? | | ????????????# ## g l #### #???????????? | | ???????????# @ ????????? | | ?????????????????### ????????? | | ???????????????????# ##### ????????? | | ???????????????????# ## #???????????????????? | | ???????????????????# ??### #???????????????????? | | ?????????????????? ?????? ???????????????????? | | ?????????????????##??????? ##??????????????????? | | ??????????????????????????# ##???????????????????? | | ???????????????????????????##????????????????????? | | ?????????????????????????????????????????????????? | | ?????????????????????????????????????????????????? | | ?????????????????????????????????????????????????? | | ?????????????????????????????????????????????????? | | ?????????????????????????????????????????????????? | | ?????????????????????????????????????????????????? | | ?????????????????????????????????????????????????? | | ?????????????????????????????????????????????????? | | ?????????????????????????????????????????????????? | | ?????????????????????????????????????????????????? | | ?????????????????????????????????????????????????? | | ?????????????????????????????????????????????????? | | ?????????????????????????????????????????????????? | | ?????????????????????????????????????????????????? | | ?????????????????????????????????????????????????? | | ?????????????????????????????????????????????????? | +----------------------------------------------------+ Best States ------------- Heat Dissipation 53 Energy Generation 21 Energy Capacity 325 Matter Stores 300 Matter Capacity 300 Sight Range 16 Terrain Scan Range 16 Terrain Scan Density 10 Armor Coverage 300 Evasion (%) 50 Recoil Reduction 3 Offensive Hacking 20 Item Schematics ----------------- Combat Drone Bay | -7/Data Miner | Free Cld. Aerolev Unit | -7/Data Miner | Free Lgt. Regenerative Plating | -7/Data Miner | Free Gravity Neutralizer | -7/Data Miner | Free Imp. Heavy Laser | -7/Data Miner | Free Field Propulsion Drive | -7/Data Miner | Free Imp. Transmission Jammer | -7/Data Miner | Free Wave Gun | -7/Data Miner | Free Imp. Core Shielding | -7/Data Miner | Free Imp. Armor Integrity Analyzer | -7/Data Miner | Free Adv. VSS Leg | -7/Data Miner | Free Robot Schematics ------------------ P-60 Hacker | -7/Data Miner | Free C-17 Slicer | -7/Data Miner | Free G-50 Soldier | -7/Data Miner | Free A-15 Conveyor | -7/Data Miner | Free R-10 Processor | -7/Data Miner | Free S-27 Virus | -7/Data Miner | Free Fabricated ------------ Nothing Repaired ---------- Nothing Alien Tech Used ----------------- None Achievements -------------- None Challenges ------------ None Game ------ Seed PiercingCompactShield Manual? 0 Play Time 00:47:13 Cumulative 102.4 hours Start 2025.06.07 @ 04:31:28 End 2025.06.07 @ 05:21:21 Sessions 1 Manual Loads 0 Difficulty Rogue Special Mode None Game No. 121 Rogue 121 Adventurer 0 Explorer 0 Win Type - Total 2 Types 2/0/0/0/0/0/0/0/0/0 Lore% 65 Gallery% 57 Achievement% 53 Wizard Run 0 Options --------- Layout 2 ASCII 0 Keyboard 0 Movement Mouse Keybinds 0 Fullscreen 1 Font 32/SmallcapsGlow Map View 50x44 Zoom Use 3% Tactical HUD 1 Map Filters NONE Filters NONE Steam 1 RUN: c96c1a3b-474e-4251-88b4-e32c289770e7